 Dungeon Crawl Stone Soup version 0.29.1-15-g9cfb28693d (webtiles) character file.

Game seed: 2976521873675582974

34 Ast3rio the Magician (level 3, -5/25 HPs)
             Began as a Djinni Ice Elementalist on Mar 27, 2023.
             Slain by a gnoll
             ... wielding a +0 spear
              (6 damage)
             ... on level 2 of the Dungeon.
             The game lasted 00:04:42 (2160 turns).

Ast3rio the Magician (Djinni Ice Elementalist)      Turns: 2160, Time: 00:04:42

Health: -5/25      AC:  2    Str:  7    XL:     3   Next: 50%
Gold:   67         EV: 12    Int: 18    God:
                   SH:  0    Dex: 13

rFire   + + .      SeeInvis .   (no weapon)
rCold   x . .      Faith    .   (no shield)
rNeg    . . .      Spirit   .   a - +0 robe
rPois   ∞          Reflect  .   (no helmet)
rElec   .          Harm     .   (no cloak)
rCorr   .          Rampage  .   (no gloves)
Will    .....                   (boots unavailable)
Stlth   ++........              (no amulet)
HPRegen 0.08/turn               (no ring)
MPRegen 0.00/turn               (no ring)

@: flying
A: sickness immunity, fire resistance 2, cold vulnerability 1, float, innate
caster, HP casting, extra vitality 1
a: no special abilities


You were on level 2 of the Dungeon.
You visited 1 branch of the dungeon, and saw 2 of its levels.

You collected 67 gold pieces.

Inventory:

Armour
 a - a +0 robe (worn)
Jewellery
 d - an amulet of the acrobat
 f - a +4 ring of evasion
Scrolls
 e - a scroll of blinking {unknown}
 h - a scroll of enchant armour {unknown}
Potions
 b - a potion of mutation {unknown}
 c - a potion of degeneration {unknown}
 g - a potion of lignification {unknown}
 i - a potion of haste {unknown}
 j - a potion of heal wounds {unknown}


   Skills:
 + Level 2.4 Dodging
 + Level 1.8 Stealth
 + Level 0.1 Unarmed Combat
 + Level 3.9 Spellcasting


You couldn't memorise any spells.
You knew the following spells:

 Your Spells              Type           Power      Damage    Failure   Level
a - Freeze                Ice            68%        1d8       3%          1
b - Frozen Ramparts       Ice            34%        1d6       9%          3
c - Ozocubu's Armour      Ice            17%        N/A       9%          3
d - Hailstorm             Conj/Ice       17%        3d6       30%         4
e - Shock                 Conj/Air       68%        1d7       3%          1
Your spell library was empty.

Dungeon Overview and Level Annotations

Branches:
Dungeon (2/15)

Altars:


Innate Abilities, Weirdness & Mutations

You are immune to sickness and miasma.
You are immune to poison.
Your flesh is very heat resistant. (rF++)
You are vulnerable to cold. (rC-)
You float through the air rather than walking.
You learn spells naturally, not from books.
Your magical power is your life essence.
You have superior vitality. (+4 MHP)


Message History

Done exploring.
No target in view!
There is a stone staircase leading down here.
You fly downwards.
Found 14 gold pieces and a robe.
There is a stone staircase leading up here.
You now have 67 gold pieces (gained 14).
You see here a +0 robe.
A frilled lizard comes into view.
A frilled lizard is nearby!
You freeze the frilled lizard.
You kill the frilled lizard!
HP restored. 2 gnolls and an adder come into view.
The adder hisses angrily.
There are monsters nearby!
The gnoll shouts!
You hear a shout!
The gnoll misses you.
A gnoll comes into view. It is wielding a +0 club.
The gnoll hits you with a +0 spear.
The gnoll hits you from afar with a +0 spear!
A gnoll comes into view. It is wielding a +0 halberd.
You are too injured to fight recklessly!
You are too injured to fight recklessly!
Casting: Freeze (safe; 3% risk of failure)
Confirm with . or Enter, or press ? or * to list all spells.
Aiming: Freeze (safe; 3% risk of failure)
Press: ? - help, Shift-Dir - straight line, f - gnoll
Aim: a gnoll, wielding a +0 spear You freeze the gnoll.
The gnoll is lightly wounded.
The gnoll hits you with a +0 spear.
* * * LOW HITPOINT WARNING * * *
The gnoll barely misses you.
Unknown command.
You closely miss the adder. The adder closely misses you.
The gnoll hits you from afar with a +0 spear.
* * * LOW HITPOINT WARNING * * *
The gnoll hits you with a +0 spear.
You die...

## #.. #.# #.#
#S# #.#
#.####g#
#.S@ggg#
###.######
########...#
.........#.#
.#########.###
###...........#
.............#
#...........#
#...........#


You could see 4 gnolls and an adder.

Vanquished Creatures
  3 dart slugs (D:1)
  5 endoplasms (D:1)
  2 giant cockroaches (D:1)
  A goblin (D:1)
  A hobgoblin (D:1)
  2 quokkas (D:1)
  A ball python (D:1)
  A bat (D:1)
  5 frilled lizards
  3 kobolds (D:1)
  4 rats (D:1)
28 creatures vanquished.

Notes
Turn   | Place    | Note
-------+----------+-------------------------------------------
     0 | D:1      | Ast3rio the Djinni Ice Elementalist began the quest for the
                  | Orb.
     0 | D:1      | Ast3rio set off with the following spells memorised:
                  | Freeze, Frozen Ramparts, Ozocubu's Armour, Hailstorm.
     0 | D:1      | Reached XP level 1. HP: 15/15 MP: 0/0
   495 | D:1      | Found a faded altar of an unknown god.
   573 | D:1      | Reached XP level 2. HP: 19/21 MP: 0/0
  1159 | D:1      | Reached XP level 3. HP: 20/25 MP: 0/0
  1159 | D:1      | Learned a level 1 spell: Shock
  2160 | D:2      | HP: 1/25 [gnoll/+0 spear (5)]
  2160 | D:2      | Slain by a gnoll

Illustrated notes

Levels and vault maps discovered:
D:1:      amcnicky_arrival_choice, layout_loops_corners,
          shapermc_ecumenical_altar_starsandcircs
D:2:      layout_basic

Action                   || total
-------------------------++-------
Melee: Unarmed           ||    16
 Cast: Freeze            ||    43
       Frozen Ramparts   ||     1
 Stab: Sleeping          ||     1
Armor: Robe              ||     7
Dodge: Dodged            ||    25
